 Dungeon Crawl Stone Soup version 0.18-a0-1267-gff090c1 (webtiles) character file.

8509 alf the Carver (level 11, -19/86 HPs)
             Began as a Formicid Fighter on Feb 6, 2016.
             Was a High Priest of Okawaru.
             Demolished by Maud
             ... wielding a +4 double sword
              (37 damage)
             ... on level 10 of the Dungeon.
             The game lasted 00:47:23 (9795 turns).

alf the Carver (Formicid Fighter)                   Turns: 9795, Time: 00:47:23

Health: -19/86     AC: 11    Str: 25    XL:     11   Next: 57%
Magic:  21/22      EV: 16    Int:  9    God:    Okawaru [*****.]
Gold:   161        SH:  9    Dex: 13    Spells: 0 memorised, 10 levels left

rFire  . . .     SeeInvis +     S - +4 scimitar (flame)
rCold  . . .     Gourm    .     B - +1 ring mail "Suckion" {MR++}
rNeg   . . .     Faith    .     t - +1 buckler of Repulsion {Str+5}
rPois  .         Spirit   .     (helmet unavailable)
rElec  .         Dismiss  .     z - +0 cloak
rCorr  +         Reflect  .     (no gloves)
SustAt .         Harm     .     Q - +0 pair of boots of Vexation {rCorr}
MR     +++..                    (no amulet)
Stlth  ++........               (no ring)
                                l - ring of magical power

@: heroism, extremely resistant to hostile enchantments, unstealthy
A: permanent stasis, dig shafts and tunnels, four strong arms, antennae 3,
regeneration 1
a: Dig, Shaft Self, Heroism, Finesse, Renounce Religion


You were on level 10 of the Dungeon.
You worshipped Okawaru.
Okawaru was extremely pleased with you.
You were not hungry.

You visited 2 branches of the dungeon, and saw 11 of its levels.
You also visited: Ossuary and Bailey.

You collected 455 gold pieces.
You spent 294 gold pieces at shops.

Inventory:

Hand Weapons
 N - a +0 blowgun
 S - a +4 scimitar of flaming (weapon)
Missiles
 k - 297 stones (quivered)
 F - 20 sling bullets
 L - a throwing net
 O - 6 curare-tipped needles
 P - 5 poisoned needles
Armour
 b - a +0 scale mail
 c - a +0 shield
 t - the +1 buckler of Repulsion (worn) {Str+5}
   (You found it on level 9 of the Dungeon)

   It affects your strength (+5).
 z - a +0 cloak (worn)
 B - the +1 ring mail "Suckion" (worn) {MR++}
   (You found it on level 4 of the Dungeon)

   It affects your resistance to hostile enchantments.
 M - the +4 ring mail of Nonokout {rCorr}
   (You found it on level 7 of the Dungeon)

   It protects you from acid and corrosion.
 Q - the +0 pair of boots of Vexation (worn) {rCorr}
   (You bought it in a shop on level 7 of the Dungeon)

   It protects you from acid and corrosion.
 Z - a +4 chain mail
Magical Staves
 h - an uncursed staff of fire
Jewellery
 l - a ring of magical power (left hand)
 y - an uncursed ring of fire
 U - an uncursed amulet of dismissal
 X - an uncursed amulet of guardian spirit {unknown}
Wands
 g - a wand of acid (0/15)
 V - a wand of slowing (24/48)
 W - a wand of iceblast (4/15)
Scrolls
 e - 6 scrolls of remove curse
 i - 5 scrolls of immolation
 m - 2 scrolls of amnesia
 p - 2 scrolls of summoning {unknown}
 q - 3 scrolls of magic mapping {unknown}
 A - a scroll of random uselessness {unknown}
 C - 4 scrolls of recharging {unknown}
 G - a scroll of fog {unknown}
 H - 3 scrolls of acquirement {unknown}
 K - 2 scrolls of enchant armour {unknown}
Potions
 d - 4 potions of might
 n - a potion of heal wounds
 r - 2 potions of berserk rage
 s - 3 potions of curing
 u - a potion of ambrosia {unknown}
 v - a potion of haste {unknown}
 w - 2 potions of lignification
 x - a potion of invisibility
 D - a potion of flight
 I - a potion of brilliance {unknown}
 J - 2 potions of cancellation {unknown}
 R - a potion of cure mutation
Books
 T - a book of Maledictions

   Spells                             Type                      Level
   a - Corona                         Hexes                        1
   b - Ensorcelled Hibernation        Hexes/Ice                    2
   c - Confuse                        Hexes                        3
   d - Tukima's Dance                 Hexes                        3
   e - Dazzling Spray                 Conjuration/Hexes            3
 Y - Jishreos's Compendium of Combat Magic
   (You found it in a bailey)

   Spells                             Type                      Level
   a - Shock                          Conjuration/Air              1
   b - Searing Ray                    Conjuration                  2
   c - Stone Arrow                    Conjuration/Earth            3
   d - Iskenderun's Battlesphere      Conjuration/Charms           5
Comestibles
 f - 8 bread rations
 j - 2 fruits
 o - 5 meat rations
 E - 7 beef jerkies


   Skills:
 + Level 7.9(12.9) Fighting
 * Level 11.4(16.4) Long Blades
 + Level 0.6(5.6) Throwing
 + Level 6.5(11.5) Armour
 + Level 5.3(10.3) Dodging
 + Level 1.0(6.0) Stealth
 + Level 9.6(14.6) Shields
 + Level 2.9 Invocations


You had 10 spell levels left.
You didn't know any spells.

Dungeon Overview and Level Annotations

Branches:
Dungeon (10/15)            Temple (1/1) D:5
   Lair: D:8-11         Orc: D:9-12

Altars:
Ashenzari
Cheibriados
Dithmenos
Elyvilon
Fedhas
Gozag
Kikubaaqudgha
Makhleb
Nemelex Xobeh
Okawaru
Pakellas
Qazlal
Ru
Sif Muna
Trog
Vehumet
Xom
Yredelemnul
Zin
The Shining One

Shops:
D:6 =   D:7 [

Annotations:
D:10 Maud, Psyche


Innate Abilities, Weirdness & Mutations

You are under a permanent stasis effect.
You can dig through walls and to a lower floor.
Your four strong arms can wield two-handed weapons with a shield.
You have a pair of large antennae on your head (SInv).
Your natural rate of healing is unusually fast.


Message History

You hit Maud. You burn Maud.
Maud is moderately wounded.
Psyche the Insane Magess comes into view.
She is wielding a dagger of chaos.
You hit Maud but do no damage.
Maud is moderately wounded.
Maud hits you with an enchanted double sword!!
* * * LOW HITPOINT WARNING * * *
Read which item? (? for menu, Esc to quit)
As you read the scroll labeled SUIKKUXUNI, it crumbles to dust.
It is a scroll of enchant weapon.
Enchant which weapon? (? for menu, Esc to quit)
Your +3 scimitar of flaming glows red for a moment.
Maud hits you with an enchanted double sword.
* * * LOW HITPOINT WARNING * * *
Read which item? (? for menu, Esc to quit)
As you read the scroll labeled VEAXUKHLUIXU, it crumbles to dust.
It is a scroll of amnesia.
You feel forgetful for a moment.
Maud hits you with an enchanted double sword!!!
You die...

#.... #....# #....#
#....# ###....#
##......#############...
................@@y@....
#........###########..$
#........# #........#
##....##### { ......##
.......########
.......'.......
.......########


You could see Maud, Psyche and a killer bee.

Vanquished Creatures
  A hydra (D:9)
  Erica (D:8)
  The ghost of alf the Shield-Bearer, a novice FoFi of Pakellas (D:5)
  A hill giant (D:10)
  2 orc knights (Bailey)
  The ghost of Lathuz the Basher, a novice MiFi of Okawaru (D:6)
  A troll (D:9)
  Grinder (D:5)
  A hippogriff (D:9)
  3 orc warriors
  A black bear (D:9)
  2 ice beasts
  2 sky beasts
  2 phantoms
  A wasp (D:9)
  2 ogres
  A necrophage (D:8)
  2 centaurs
  A big kobold (D:7)
  2 giant frogs
  4 elf zombies (Ossuary)
  4 scorpions
  5 killer bees (D:10)
  5 crimson imps
  6 centaur zombies
  2 hounds
  3 human zombies (Ossuary)
  5 orc priests
  5 jellies
  Crazy Yiuf (D:3)
  A centaur skeleton (D:4)
  4 iguanas
  20 orc wizards
  10 worker ants
  A hound skeleton (D:4)
  4 mummies
  A worker ant zombie (D:5)
  12 gnolls
  8 adders
  A shadow imp (D:8)
  An ooze (D:4)
  2 adder skeletons (D:8)
  5 giant geckos
  33 orcs
  9 giant cockroaches
  10 goblins
  8 hobgoblins
  16 jackals
  24 kobolds
  2 quokkas
  4 bats
  6 giant newts
  A hobgoblin zombie (D:4)
  An orc zombie (D:4)
  5 rats
258 creatures vanquished.

Notes
Turn   | Place    | Note
--------------------------------------------------------------
     0 | D:1      | alf the Formicid Fighter began the quest for the Orb.
     0 | D:1      | Reached XP level 1. HP: 18/18 MP: 1/1
    45 | D:1      | Reached XP level 2. HP: 20/24 MP: 2/2
   563 | D:1      | Reached XP level 3. HP: 30/30 MP: 3/3
   645 | D:2      | Reached skill level 4 in Shields
   909 | D:2      | Reached XP level 4. HP: 34/37 MP: 4/4
  1499 | D:3      | Reached XP level 5. HP: 42/42 MP: 5/5
  1956 | D:3      | Noticed Crazy Yiuf
  1966 | D:3      | Killed Crazy Yiuf
  2237 | D:4      | Reached XP level 6. HP: 40/48 MP: 6/6
  2249 | D:4      | Reached skill level 1 in Dodging
  2342 | D:4      | Reached skill level 5 in Shields
  2395 | D:4      | Got a brightly glowing ring mail
  2406 | D:4      | Identified the +1 ring mail "Suckion" {MR++} (You found it on level 4 of the Dungeon)
  2418 | D:4      | Found a sand-covered staircase.
  2450 | Ossuary  | Entered an ossuary
  2701 | Ossuary  | Reached XP level 7. HP: 32/55 MP: 7/7
  3061 | Ossuary  | Reached skill level 5 in Fighting
  3185 | Ossuary  | Reached skill level 5 in Long Blades
  3241 | Ossuary  | Reached XP level 8. HP: 62/62 MP: 8/8
  3996 | D:5      | Entered Level 5 of the Dungeon
  4018 | D:5      | Reached skill level 6 in Long Blades
  4022 | D:5      | Reached skill level 5 in Armour
  4040 | D:5      | Found a staircase to the Ecumenical Temple.
  4049 | Temple   | Entered the Ecumenical Temple
  4104 | Temple   | Became a worshipper of Warmaster Okawaru
  4317 | D:5      | Noticed Grinder
  4352 | D:5      | Killed Grinder
  4352 | D:5      | Reached XP level 9. HP: 24/69 MP: 9/9
  4566 | D:5      | Reached * piety under Okawaru
  4661 | D:5      | Reached skill level 7 in Long Blades
  4805 | D:5      | Noticed alf's ghost (novice FoFi)
  4875 | D:5      | Killed alf's ghost
  4875 | D:5      | Reached ** piety under Okawaru
  4875 | D:5      | Reached skill level 1 in Invocations
  5362 | D:6      | Noticed Lathuz's ghost (novice MiFi)
  5465 | D:6      | Killed Lathuz's ghost
  5465 | D:6      | Reached skill level 8 in Long Blades
  5468 | D:6      | Found Geaz's Jewellery Shoppe.
  5507 | D:6      | Reached XP level 10. HP: 53/77 MP: 11/11
  5513 | D:6      | Gained mutation: You are frail (-10% HP). [mutagenic meat]
  5514 | D:6      | Gained mutation: Your natural rate of healing is unusually fast. [mutagenic meat]
  5515 | D:6      | Gained mutation: You are very frail (-20% HP). [mutagenic meat]
  5517 | D:6      | Gained mutation: You are partially covered in slimy green scales (AC +2). [mutagenic meat]
  5942 | D:6      | Found a sparkling altar of Nemelex Xobeh.
  5942 | D:6      | Found an ancient bone altar of Kikubaaqudgha.
  6539 | D:7      | Reached *** piety under Okawaru
  6591 | D:7      | Got a warped ring mail
  6593 | D:7      | Identified the +4 ring mail of Nonokout {rCorr} (You found it on level 7 of the Dungeon)
  6625 | D:7      | Reached skill level 9 in Long Blades
  6919 | D:7      | Found Cecefifo's Antique Armour Emporium.
  6940 | D:7      | Bought a pair of distressingly furry boots for 294 gold pieces
  6940 | D:7      | Identified the +0 pair of boots of Vexation {rCorr} (You bought it in a shop on level 7 of the Dungeon)
  7936 | D:8      | Noticed Erica
  7952 | D:8      | Killed Erica
  7952 | D:8      | Reached **** piety under Okawaru
  8444 | D:9      | Reached skill level 10 in Long Blades
  8494 | D:9      | Found a flagged portal.
  8513 | Bailey   | Entered a bailey
  8581 | Bailey   | Lost mutation: You are very frail (-20% HP). [potion of cure mutation]
  8581 | Bailey   | Lost mutation: You are frail (-10% HP). [potion of cure mutation]
  8581 | Bailey   | Lost mutation: You are partially covered in slimy green scales (AC +2). [potion of cure mutation]
  8595 | Bailey   | Noticed an orc knight
  8610 | Bailey   | Killed an orc knight
  8610 | Bailey   | Reached XP level 11. HP: 36/84 MP: 12/12
  8759 | Bailey   | Found a burning altar of Makhleb.
  8759 | Bailey   | Noticed an orc knight
  8786 | Bailey   | Killed an orc knight
  8786 | Bailey   | Reached skill level 5 in Dodging
  8786 | Bailey   | Reached skill level 1 in Stealth
  8808 | Bailey   | Identified Jishreos's Compendium of Combat Magic
  8928 | D:9      | Reached ***** piety under Okawaru
  9199 | D:9      | Noticed a four-headed hydra
  9207 | D:9      | Killed a one-headed hydra
  9207 | D:9      | Reached skill level 11 in Long Blades
  9321 | D:9      | Got a fine buckler
  9332 | D:9      | Identified the +1 buckler of Repulsion {Str+5} (You found it on level 9 of the Dungeon)
  9355 | D:9      | Found a deep blue altar of Sif Muna.
  9724 | D:10     | Entered Level 10 of the Dungeon
  9767 | D:10     | Noticed a hill giant
  9770 | D:10     | Noticed Maud
  9788 | D:10     | Killed a hill giant
  9793 | D:10     | Noticed Psyche
  9795 | D:10     | Demolished by Maud

Vault maps used:
D:1:      lightli_arrival_noodles
D:2:      first_bread
D:3:      uniq_crazy_yiuf_cottage
D:4:      nicolae_ossuary_entry_giza
D:5:      minmay_temple_entry_purple_smoke, uniq_grinder
D:6:      gammafunk_temple_overflow_elements, serial_shops, nicolae_shop_stone
D:7:      serial_shops, nicolae_shop_crystal, grunt_ogre_cave
D:8:      uniq_erica
D:9:      kennysheep_orc_sif_temple, lightli_bailey_entry_fortress
D:10:     uniq_psyche, uniq_maud, uniq_fannar
Temple:   grunt_circular_temple_18
Ossuary:  ossuary_minmay_four_chambers
Bailey:   bailey_axe_3, bailey

Action                   |  1- 3 |  4- 6 |  7- 9 | 10-12 || total
-------------------------+-------+-------+-------+-------++-------
Melee: Long sword        |    88 |   189 |   443 |   257 ||   977
       Scimitar          |       |       |       |   221 ||   221
 Fire: Blowgun           |       |       |       |     7 ||     7
Invok: Heroism           |       |       |     5 |     7 ||    12
 Abil: Dig               |     1 |     4 |     2 |     7 ||    14
Evoke: Wand              |       |       |       |     3 ||     3
  Use: Scroll            |       |       |       |    14 ||    14
       Potion            |       |       |       |     3 ||     3
  Eat: Chunk             |       |     6 |     9 |    21 ||    36
       Pizza             |       |       |     1 |       ||     1
